Map: Odyssey LE

Players

Yata

  • Race: Zerg Zerg
  • League: Gold
  • Spawn Location: 11:00

Myhome - Winner!

  • Race: Terran Terran
  • League: Diamond
  • Spawn Location: 5:00

VOD

Have the link to the VOD?

Description

Time

  • Played on: Sept. 4, 2017, 8:43 p.m.
  • Length: 3:24
Show
View Real Time Build Order
Export as new Build Order

Yata Zerg 

Build Orders: Hatch First 

Get SALT Encoding   

  12  0:02  Drone  
  13  0:12  Overlord  
  13  0:22  Drone  
  14  0:30  Drone x2  
  14  0:34  Drone  
  17  0:54  Hatchery  
  16  0:57  Drone  
  16  0:59  Drone  
  18  1:11  Extractor  
  18  1:15  Spawning Pool  
  18  1:17  Drone  
  17  1:21  Drone  
  18  1:29  Drone  
  19  1:39  Overlord  
  19  1:49  Drone  
  20  2:00  Drone  
  21  2:03  Queen  
  21  2:06  Queen  
  25  2:11  Zergling x2  
  25  2:12  Zergling x2  
  27  2:17  Drone  
  27  2:21  Drone  
  29  2:28  Drone  
  30  2:37  Baneling Nest  
  30  2:38  Drone  
  30  2:44  Drone x2  
  31  2:53  Spore Crawler  
  28  3:00  Spine Crawler  
  28  3:04  Zergling x6  
  28  3:10  Spine Crawler  
  28  3:11  Spine Crawler  
Show
View Real Time Build Order
Export as new Build Order

Myhome Terran - Winner!

Build Orders:  

Get SALT Encoding   

  12  0:02  SCV  
  13  0:14  SCV  
  14  0:21  Supply Depot  
  14  0:46  Barracks  
  14  0:50  Barracks  
  14  0:58  SCV  
  15  1:33  Barracks, Marine  
  15  1:37  Marine  
  15  1:39  Barracks  
  17  1:40  Orbital Command  
  17  1:51  Marine  
  18  1:55  Marine  
  19  2:04  Supply Depot  
  19  2:11  Marine  
  19  2:13  Marine  
  21  2:20  Marine  
  22  2:25  Marine  
  23  2:30  Marine  
  23  2:32  Marine  
  25  2:38  Marine  
  25  2:43  Marine  
  27  2:47  Marine  
  27  2:49  Marine  
  29  2:56  Marine  
  30  3:01  Marine  
  31  3:13  Supply Depot x2  
Tags
 
Matchup
TvZ
Replay Pack
Pack 1
Spawn Locations
Cross Positions
Add a new tag
Caveats
  • Supply blocks, unpowered buildings, or Contaminate may cause inaccurate times.
  • Supply counts are checked every 10 seconds.